cohdb
Replays
Latest Replays
All Replays
Popular Replays
Top Player Replays
Match Explorer
How It Works
Community
CoH3 Stats
Reddit
Sign in to upload your games and track your stats! →
Sign in with Steam
Match 39003786
Unlisted
Match 39003786
Overview
Messages
Build Orders
End
Pioneer Squad
Construct Infanterie Kompanie
Grenadier Squad
MG 42 Machine Gun Team
Grenadier Squad
Infanterie Officer Quarters
Construct Panzergrenadier Kompanie
Pak 40 Anti-tank Gun Team
Medical Bunker
Panzergrenadier Squad
Support Elements
StuG III G Assault Gun
Nebelwerfer 42 Rocket Launcher Team
Panzergrenadier Officer Quarters
StuG III G Assault Gun
Selects Breakthrough Battlegroup
Selects Rapid Production
Selects Assault Grenadiers
Panzergrenadier Squad
Pioneer Squad
Selects Blitzkrieg
Selects Tiger Heavy Tank
Tiger Heavy Tank
Général Couscous
Eckes
Bruistablet
Virgile[FR]
0
0
Comments
sign in to comment!
No comments posted yet!